AoeStats
← MrFox

Arabia

506060376Analyzed
1v1 RM · 21d ago on Sep 12, 2026· 36m 5s· 2 players
Game mode
Random Map
Map size
Tiny (2 player)
Population
200
Speed
Normal
Resources
Standard
Victory
Conquest
Starting age
Dark Age
Ending age
Imperial Age
RankedLock teamsTeams togetherTeam positionsShared explorationLock speedFull tech treeHidden civsTurbo modeCheats
Victory
Defeat
🇲🇽 Britons · Mexico
1070
+16
🇮🇳 Romans · India
1060
-16
MrFox
3:20 Loom
9:32 Feudal Age
10:47 Double-Bit Axe
13:35 Scale Barding Armor
23:27 Castle Age
26:48 Husbandry
35:45 Squires
Cletus1988
6:27 Loom
8:56 Feudal Age
12:20 Fletching
16:45 Horse Collar
24:10 Scale Barding Armor
24:06 Padded Archer Armor
29:33 Castle Age
29:28 Double-Bit Axe
29:43 Crossbowman
30:35 Bodkin Arrow
31:18 Pikeman
32:24 Leather Archer Armor
Connection lost

Rejoining the realm…

Still unreachable

The connection could not be restored.

Session expired

The server has moved on; the page needs a fresh start.